 Dungeon Crawl Stone Soup version 0.28.0-43-g3370ac3207 (webtiles) character file.

Game seed: 13428404022663949678

1919 pkoi the Grappler (level 8, -1/80 HPs)
             Began as a Troll Gladiator on Mar 24, 2022.
             Was an Initiate of Gozag.
             Slain by a six-headed hydra (10 damage)
             ... on level 7 of the Dungeon.
             The game lasted 00:05:20 (6252 turns).

pkoi the Grappler (Troll Gladiator)                 Turns: 6252, Time: 00:05:21

Health: -1/80      AC:  4    Str: 23    XL:     8   Next: 95%
Magic:  7/7        EV: 10    Int:  6    God:    Gozag
Gold:   635        SH:  0    Dex: 11    Spells: 4/7 levels left

rFire   . . .      SeeInvis .     - Unarmed
rCold   . . .      Faith    .   (no shield)
rNeg    + . .      Spirit   .   a - +0 robe
rPois   .          Reflect  .   b - +0 hat
rElec   .          Harm     .   (no cloak)
rCorr   .          Rampage  .   (gloves unavailable)
Will    .....                   (boots unavailable)
Stlth   +.........              (no amulet)
HPRegen 1.03/turn               i - ring of positive energy
MPRegen 0.10/turn               (no ring)

@: no status effects
A: large, unfitting armour, claws 3, regeneration 1, shaggy fur 1, tough skin 1
a: Renounce Religion, Potion Petition, Call Merchant, Bribe Branch


You were on level 7 of the Dungeon.
You worshipped Gozag.
Gozag was pleased with you.
You visited 1 branch of the dungeon, and saw 7 of its levels.

You collected 687 gold pieces.
You paid 52 gold pieces to Gozag.

Inventory:

Hand Weapons
 f - a +1 dagger of venom
 h - a +0 mace of protection
 m - a +2 vorpal flail
Missiles
 c - 4 throwing nets (quivered)
 j - 8 boomerangs
Armour
 a - a +0 robe (worn)
 b - a +0 hat (worn)
Magical Staves
 p - a staff of fire
Jewellery
 i - a ring of positive energy (left claw)
 o - a ring of fire
Wands
 k - a wand of iceblast (3)
 n - a wand of polymorph (7)
Scrolls
 d - a scroll of identify
 r - a scroll of amnesia
 s - 2 scrolls of immolation {unknown}
 t - a scroll of acquirement {unknown}
Potions
 e - 2 potions of heal wounds
 g - a potion of curing
 l - 5 potions of mutation
 q - a potion of resistance {unknown}


   Skills:
 - Level 5.0 Fighting
 - Level 1.7 Throwing
 + Level 1.9 Armour
 + Level 3.2 Dodging
 * Level 9.8 Unarmed Combat


You had 4 spell levels left.
You knew the following spells:

 Your Spells              Type           Power      Damage    Failure   Level
a - Confusing Touch       Hex            0%         N/A       83%         3

Your spell library contained the following spells:

 Spells                   Type           Power      Damage    Failure   Level
 Yara's Violent Unravell  Hex/Tmut       0%         3d3       100%        5
 Enfeeble                 Hex            0%         N/A       100%        7


Dungeon Overview and Level Annotations

Branches:
Dungeon (7/15)
 Temple: D:4-7

Altars:
Cheibriados
Gozag

Shops:
D:3 (

Annotations:
D:5 3 runed translucent doors, Icepheonix32's ghost, weakling DsDe


Innate Abilities, Weirdness & Mutations

You are too large for most types of armour.
You have claws for hands.
Your natural rate of healing is unusually fast.
You are covered in fur. (AC +1)
You have tough skin. (AC +1)


Message History

The four-headed hydra grows two more!
You claw the six-headed hydra!
The six-headed hydra is lightly wounded.
The six-headed hydra bites you! The six-headed hydra barely misses you.
The six-headed hydra bites you!
* * * LOW HITPOINT WARNING * * *
The six-headed hydra bites you.
* * * LOW HITPOINT WARNING * * *
The six-headed hydra bites you!
* * * LOW HITPOINT WARNING * * *
The six-headed hydra bites you but does no damage.
There is an open door here.
Okay, then.
Unknown command.
Aiming: Iceblast
Press: ? - help, Shift-Dir - straight line The mass of ice explodes!
The iceblast engulfs the six-headed hydra!
The six-headed hydra is moderately wounded.
You hear a croak.
The six-headed hydra closely misses you.
The six-headed hydra bites you!
* * * LOW HITPOINT WARNING * * *
The six-headed hydra bites you.
* * * LOW HITPOINT WARNING * * *
The six-headed hydra barely misses you. The six-headed hydra bites you.
* * * LOW HITPOINT WARNING * * *
The six-headed hydra bites you.
* * * LOW HITPOINT WARNING * * *
Aiming: Iceblast
Press: ? - help, Shift-Dir - straight line The mass of ice explodes!
The iceblast engulfs the six-headed hydra!
The six-headed hydra is moderately wounded.
The six-headed hydra bites you!
* * * LOW HITPOINT WARNING * * *
The six-headed hydra bites you.
* * * LOW HITPOINT WARNING * * *
The six-headed hydra bites you!
You die...
Your body crumbles into a pile of gold.

##....# ##..##'##
###..##8.8##
#...##.....##
#.###8.....8##
#.##.........##
#.#8.........8###
#.'...........'.###
###8....@....8#...#
# ##....D....####.##
##.. ##8.....8##
#..##...# ##.....##
##.#..# ##8.8##
###...#
###'#######.....#
#.#.##......###.....
#...##.###### #####
#.##...#


You could see a six-headed hydra.

Vanquished Creatures
  A centaur zombie (D:5)
  An orc warrior (D:6)
  2 ice beasts
  A black bear (D:6)
  2 hornet zombies (D:6)
  A bullfrog (D:5)
  2 scorpions
  3 water moccasin skeletons (D:6)
  3 jellies
  2 hounds (D:6)
  2 centaur skeletons
  2 iguanas (D:5)
  Ijyb (D:5)
  6 orc wizards
  2 hound skeletons (D:5)
  7 gnolls
  2 howler monkey skeletons
  5 adders
  2 ufetubi (D:5)
  2 worms
  3 dart slugs
  24 orcs
  6 endoplasms
  A giant cockroach (D:4)
  5 hobgoblins
  11 jackals
  7 kobolds
  2 quokkas (D:1)
  4 ball pythons
  5 bats
  3 frilled lizards
  6 goblins
  2 rats
128 creatures vanquished.

Vanquished Creatures (others)
  4 plants (D:1)
  4 withered plants (D:1)
8 creatures vanquished.

Grand Total: 136 creatures vanquished

Notes
Turn   | Place    | Note
-------+----------+-------------------------------------------
     0 | D:1      | pkoi the Troll Gladiator began the quest for the Orb.
     0 | D:1      | Reached XP level 1. HP: 19/19 MP: 0/0
   140 | D:1      | Found a faded altar of an unknown god.
   199 | D:1      | Reached XP level 2. HP: 28/28 MP: 1/1
   773 | D:2      | Reached XP level 3. HP: 32/35 MP: 2/2
   865 | D:2      | Reached skill level 4 in Unarmed Combat
   943 | D:2      | You fall into a shaft and drop 2 floors!
   969 | D:3      | Found Qejyj's Weapon Boutique.
  1672 | D:3      | Reached XP level 4. HP: 44/44 MP: 3/3
  1799 | D:4      | Found an opulent altar of Gozag.
  2053 | D:4      | Became a worshipper of Gozag Ym Sagoz the Greedy
  2153 | D:4      | Reached skill level 5 in Unarmed Combat
  2228 | D:4      | Reached XP level 5. HP: 50/50 MP: 4/4
  2523 | D:5      | Entered Level 5 of the Dungeon
  2536 | D:5      | Found a runed translucent gate.
  2536 | D:5      | Found a runed translucent gate.
  2536 | D:5      | Found a runed translucent gate.
  2536 | D:5      | Noticed Icepheonix32's ghost (weakling DsDe)
  2608 | D:5      | Noticed Ijyb
  2613 | D:5      | Killed Ijyb
  2683 | D:5      | Reached XP level 6. HP: 53/61 MP: 5/5
  2699 | D:5      | Reached skill level 6 in Unarmed Combat
  3034 | D:5      | Found a snail-covered altar of Cheibriados.
  3371 | D:5      | Reached skill level 7 in Unarmed Combat
  3371 | D:5      | Reached XP level 7. HP: 16/70 MP: 6/6
  4212 | D:6      | Reached skill level 8 in Unarmed Combat
  4525 | D:6      | Learned a level 3 spell: Confusing Touch
  4540 | D:5      | Reached XP level 8. HP: 56/79 MP: 7/7
  5260 | D:6      | Reached skill level 5 in Fighting
  5260 | D:6      | Reached skill level 9 in Unarmed Combat
  5766 | D:6      | Reached skill level 1 in Armour
  6242 | D:7      | Noticed a five-headed hydra
  6252 | D:7      | Slain by a six-headed hydra

Illustrated notes

Levels and vault maps discovered:
D:1:      dpeg_arrival_concentric_ovals, layout_basic,
          shapermc_ecumenical_altar_flowoftime
D:2:      layout_basic
D:3:      layout_basic, serial_shops, shop
D:4:      layout_loops_ring, grunt_gozag_statues
D:5:      layout_basic, kennysheep_slug_shrine, gammafunk_ghost_nasty_kobolds,
          uniq_ijyb
D:6:      layout_basic, corexii_checkpoint_a
D:7:      layout_rooms, lemuel_temple_firewalk_a, dk_noncrumbling_4

Skill      XL: |  1  2  3  4  5  6  7  8 |
---------------+-------------------------+-----
Fighting       | 2 3 4 5 |  5.0
Unarmed Combat | 4 5 7 8 9 |  9.8
Armour         | 1 |  1.9
Dodging        | 3 |  3.2
Throwing       | |  1.7

Action                   |  1- 3 |  4- 6 |  7- 9 || total
-------------------------+-------+-------+-------++-------
Melee: Unarmed           |   133 |   124 |   163 ||   420
       Punch             |     2 |     4 |    12 ||    18
Evoke: Wand              |       |       |     3 ||     3
  Use: Scroll            |     3 |     6 |       ||     9
       Potion            |     2 |       |       ||     2
 Stab: Sleeping          |     1 |       |       ||     1
       Distracted        |       |       |     1 ||     1
Armor: Robe              |    29 |    37 |    41 ||   107
Dodge: Dodged            |    50 |    42 |    87 ||   179
